 Dungeon Crawl Stone Soup version 0.30-a0-847-g17996783a1 (webtiles) character file.

Game seed: 16247027208015064606

240202 NinjaNoafa the Phalangite (level 19, -1/170 HPs)
             Began as a Hill Orc Monk on Mar 2, 2023.
             Was the Champion of Hepliaklqana.
             Killed from afar by an ironbound thunderhulk (45 damage)
             ... with a bolt of lightning
             ... on level 2 of the Vaults on Mar 3, 2023.
             The game lasted 03:33:56 (41461 turns).

NinjaNoafa the Phalangite (Hill Orc Monk)          Turns: 41461, Time: 03:33:56

Health: -1/170     AC: 31    Str: 22    XL:     19   Next: 32%
Magic:  30/30      EV: 16    Int: 10    God:    Hepliaklqana [******]
Gold:   2173       SH:  0    Dex: 16    Spells: 18/18 levels left

rFire   . . .      SeeInvis .    a - +5 Lochaber axe {reach-cleave, Poleaxe Drain}
rCold   + . .      Faith    +    (shield currently unavailable)
rNeg    . . .      Spirit   .    g - +7 chain mail {rC+}
rPois   .          Reflect  .    Z - +2 hat
rElec   .          Rampage  .    H - +1 cloak
rCorr   .                        f - +1 pair of gloves of Beyond {Dex+3}
Will    ++...                    M - +2 pair of boots Stlth
                                 T - amulet of faith
HPRegen 0.48/turn                Y - +5 ring of evasion
MPRegen 0.22/turn                h - +4 ring of slaying

@: studying Fighting
A: reduced essence, horns 1, strong-willed 1, subdued magic 1
}: 2/15 runes: decaying, gossamer
a: Renounce Religion, Recall Ancestor, Ancestor Identity, Transference, Idealise


You were on level 2 of the Vaults.
You worshipped Hepliaklqana.
Hepliaklqana was exalted by your worship.
You visited 8 branches of the dungeon, and saw 34 of its levels.
You also visited: Ossuary, Bailey and Ice Cave.

You collected 4726 gold pieces.
You spent 2553 gold pieces at shops.

Inventory:

Hand Weapons
 a - the +5 Lochaber axe (weapon) {reach-cleave, Poleaxe Drain}
   (You bought it in a shop on level 2 of the Orcish Mines)

   Poleaxe:   It uses either Axes or Polearms skill, whichever is higher.
   Drain:     It drains your maximum health when unequipped.
Missiles
 l - 2 throwing nets
 t - 17 boomerangs (quivered)
 x - 4 datura-tipped darts
 E - 9 curare-tipped darts
 X - 14 javelins
Armour
 f - the +1 pair of gloves of Beyond (worn) {Dex+3}
   (You found it on level 1 of the Vaults)

   Dex:       It affects your dexterity (+3).
 g - a +7 chain mail of cold resistance (worn)
 H - a +1 cloak (worn)
 M - a +2 pair of boots (worn)
 Z - a +2 hat (worn)
Jewellery
 h - a +4 ring of slaying (right hand)
 w - a ring of willpower
 I - a ring of positive energy
 N - a ring of resist corrosion
 T - an amulet of faith (around neck)
 Y - a +5 ring of evasion (left hand)
Wands
 b - a wand of polymorph (7)
 c - a wand of mindburst (40)
 v - a wand of charming (43)
 B - a wand of digging (17)
 J - a wand of flame (79)
 P - a wand of quicksilver (17)
 W - a wand of roots (14)
Scrolls
 e - 4 scrolls of blinking
 i - 6 scrolls of vulnerability
 n - 7 scrolls of poison
 q - 5 scrolls of enchant weapon
 s - 4 scrolls of fear
 y - 4 scrolls of immolation
 z - 5 scrolls of fog
 A - 2 scrolls of torment
 C - 9 scrolls of teleportation
 G - a scroll of silence
 U - 3 scrolls of brand weapon
Potions
 j - 10 potions of mutation
 k - 2 potions of berserk rage
 m - 7 potions of attraction
 o - 5 potions of magic
 p - 12 potions of curing
 r - 3 potions of cancellation
 u - 11 potions of haste
 F - 5 potions of lignification
 K - 2 potions of resistance
 L - 7 potions of might
 O - a potion of heal wounds
 Q - 5 potions of ambrosia
 R - a potion of invisibility
 S - 7 potions of flight
Miscellaneous
 d - a phantom mirror
 D - a phial of floods
 V - a lightning rod (4/4)


   Skills:
 - Level 21.0 Fighting
 + Level 23.4 Polearms
 - Level 8.0 Throwing
 - Level 15.0 Armour
 - Level 6.4 Dodging
 - Level 1.5 Stealth
 - Level 4.0 Shields
 - Level 15.0 Invocations
 - Level 8.0 Evocations


You had 18 spell levels left.
You didn't know any spells.
Your spell library contained the following spells:

 Spells                   Type           Power      Damage    Failure   Level
 Apportation              Tloc           0%         N/A       85%         1
 Necrotise                Necr           0%         1d4       85%         1
 Slow                     Hex            0%         N/A       85%         1
 Summon Small Mammal      Summ           0%         N/A       85%         1
 Cigotuvi's Dreadful Rot  Necr/Pois/Air  0%         N/A       94%         2
 Ensorcelled Hibernation  Hex/Ice        0%         N/A       94%         2
 Passwall                 Tmut/Erth      0%         N/A       94%         2
 Poisonous Vapours        Pois/Air       0%         N/A       94%         2
 Static Discharge         Conj/Air       0%         2-2/arc   94%         2
 Sublimation of Blood     Necr           0%         N/A       94%         2
 Wereblood                Tmut           0%         N/A       94%         2
 Call Canine Familiar     Summ           0%         N/A       99%         3
 Confusing Touch          Hex            0%         N/A       99%         3
 Gell's Gravitas          Tloc           0%         N/A       99%         3
 Hailstorm                Conj/Ice       0%         3d3       99%         3
 Ignite Poison            Fire/Tmut/Pois 0%         N/A       99%         3
 Kindle Blastsparks       Fire/Tloc/Air  0%         2d10      99%         3
 Portal Projectile        Hex/Tloc       0%         N/A       99%         3
 Summon Guardian Golem    Hex/Summ       0%         N/A       99%         3
 Swiftness                Air            0%         N/A       99%         3
 Teleport Other           Tloc           0%         N/A       99%         3
 Tukima's Dance           Hex            0%         N/A       99%         3
 Vampiric Draining        Necr           0%         2d6       99%         3
 Vhi's Electric Charge    Tloc/Air       0%         N/A       99%         3
 Animate Dead             Necr           0%         N/A       100%        4
 Fulminant Prism          Conj/Hex       0%         3d5       100%        4
 Ice Form                 Ice/Tmut       0%         N/A       100%        4
 Iskenderun's Mystic Bla  Conj/Tloc      0%         2d3       100%        4
 Leda's Liquefaction      Hex/Erth       0%         N/A       100%        4
 Manifold Assault         Tloc           0%         N/A       100%        4
 Olgreb's Toxic Radiance  Pois           0%         N/A       100%        4
 Passage of Golubria      Tloc           0%         N/A       100%        4
 Petrify                  Tmut/Erth      0%         N/A       100%        4
 Arcjolt                  Conj/Air       0%         1d10      100%        5
 Blade Hands              Tmut           0%         N/A       100%        5
 Borgnjor's Vile Clutch   Necr/Erth      0%         N/A       100%        5
 Freezing Cloud           Conj/Ice/Air   0%         6-21      100%        5
 Irradiate                Conj/Tmut      0%         3d11      100%        5
 Iskenderun's Battlesphe  Conj           0%         2d6       100%        5
 Lee's Rapid Deconstruct  Erth           0%         3d4*      100%        5
 Lightning Bolt           Conj/Air       0%         1d11      100%        5
 Metabolic Englaciation   Hex/Ice        0%         N/A       100%        5
 Yara's Violent Unravell  Hex/Tmut       0%         3d3       100%        5
 Death Channel            Necr           0%         N/A       100%        6
 Dispersal                Tloc           0%         N/A       100%        6
 Eringya's Noxious Bog    Tmut/Pois      0%         N/A       100%        6
 Iron Shot                Conj/Erth      0%         9d1       100%        6
 Simulacrum               Ice/Necr       0%         N/A       100%        6
 Statue Form              Tmut/Erth      0%         N/A       100%        6
 Dragon Form              Tmut           0%         N/A       100%        7
 Orb of Destruction       Conj           0%         9d5       100%        7
 Spellforged Servitor     Conj/Summ      0%         N/A       100%        7
 Summon Hydra             Summ           0%         N/A       100%        7
 Disjunction              Tloc           0%         N/A       100%        8


Dungeon Overview and Level Annotations

Branches:
Dungeon (15/15)            Temple (1/1) D:4            Lair (5/5) D:10
  Swamp (4/4) Lair:3       Spider (4/4) Lair:3        Slime (0/5) Lair:5
    Orc (2/2) D:12            Elf (1/3) Orc:2        Vaults (2/5) D:14
 Depths (0/4) D:15        Ossuary (visited)          Bailey (visited)
  IceCv (visited)
  Crypt: Vaults:2-3

Altars:
Ashenzari
Cheibriados
Dithmenos
Elyvilon
Fedhas
Gozag
Hepliaklqana
Kikubaaqudgha
Makhleb
Nemelex Xobeh
Okawaru
Qazlal
Ru
Sif Muna
Trog
Uskayaw
Vehumet
Wu Jian
Xom
Yredelemnul
Zin
The Shining One
Jiyva

Shops:
D:6 *   Orc:2 *:(=

Annotations:
Vaults:1 1 transporter


Innate Abilities, Weirdness & Mutations

Your life essence is reduced to manifest your ancestor. (-10% HP)
You have a pair of small horns on your head.
You are strong-willed. (Will+)
Your spells are a little easier to cast, but a little less powerful.


Message History

Your ego hits the ironbound frostheart with a +0 broad axe of flaming!
Your ego burns the ironbound frostheart.
The ironbound frostheart touches you! The ironbound frostheart freezes you!
You resist.
Strange energies crackle from the ironbound thunderhulk's apparatus.
The ironbound thunderhulk blinks!
A deep troll comes into view.
Your ego hits the ironbound frostheart with a +0 broad axe of flaming!!
Your ego burns the ironbound frostheart.
The ironbound frostheart dies!
Unknown command.
What are your orders? t - Shout!
Orders for allies: a - Attack new target. r - Retreat! s - Stop attacking. g - Guard the area. f - Follow me.
Anything else - Cancel.
Follow me!
The ice encasing you melts away.
Electricity crackles from the ironbound thunderhulk's apparatus.
The bolt of lightning hits you!!!
* * * LOW HITPOINT WARNING * * *
Found a potion of cancellation.
Electricity crackles from the ironbound thunderhulk's apparatus.
The bolt of lightning hits you!!
* * * LOW HITPOINT WARNING * * *
What are your orders? t - Shout!
Orders for allies: a - Attack new target. r - Retreat! s - Stop attacking. g - Guard the area. f - Follow me.
Anything else - Cancel.
Gang up on whom?
Press: ? - help, Dir - move target, f - deep troll
Aim: a deep troll Attack!
An ironbound preserver comes into view.
It is wielding a +0 dire flail of venom.
Electricity crackles from the ironbound thunderhulk's apparatus.
The bolt of lightning hits you!!!
You die...

+.......#
#....<..# .#
#....)..+ .#
#.......# ..#.
#.......#!..#.
.#+####'##...#
$......[.....#
........R)...##
.......@..T...p
...............
...........?...
...............
.......O.......
...............
###############


You could see the friendly Your ego the knight (reflecting), an ironbound
preserver (distracted), an ironbound thunderhulk and a deep troll (ally target).

Vanquished Creatures
  Roxanne (Swamp:3)
  3 thorn hunters (Swamp:4)
  5 fenstrider witches (Swamp:4)
  6 emperor scorpions
  The ghost of SirDiesAlot the Transmogrifier, a journeyman DsTm of Okawaru (Swamp:2)
  3 ghost moths
  An ironbound preserver (Vaults:1)
  2 orc warlords
  Louise (Swamp:2)
  2 broodmothers (Spider:3)
  A reaper (Swamp:4)
  4 very ugly things
  A stone giant (D:15)
  An eleionoma (Swamp:4)
  A spark wasp (Spider:3)
  A dire elephant (Vaults:1)
  8 bunyips
  A minotaur (D:12)
  Snorg (D:13)
  2 fire dragons
  4 entropy weavers
  Josephine (D:12)
  5 hydras
  A ghost crab (Swamp:3)
  6 boulder beetles
  Erica (D:8)
  4 two-headed ogres
  A catoblepas (Lair:3)
  3 centaur warriors
  3 ogre magi
  2 tengu warriors (D:15)
  8 death yaks
  8 alligators
  A vampire mage (Vaults:2)
  An orc high priest (Orc:2)
  A dancing weapon (Swamp:2)
  3 soul eaters
  A deep elf knight (Elf:1)
  A fire crab (shapeshifter) (D:15)
  6 pharaoh ants
  4 goliath frogs
  9 orb spiders
  3 deep trolls (Vaults:1)
  3 spriggan druids
  3 bog bodies
  An orange crystal statue (IceCv)
  5 wizards
  Pikel (D:5)
  5 orc knights
  4 swamp dragons
  4 ironbound convokers
  10 steelbarb worms
  17 ugly things
  9 wolf spiders
  A deep elf pyromancer (D:9)
  4 deep elf zephyrmancers (Elf:1)
  4 lindwurms
  2 will-o-the-wisps
  A moth of wrath (Spider:2)
  A manticore (D:13)
  6 orc sorcerers
  9 black mambas
  5 torpor snails
  2 vault sentinels (Vaults:1)
  3 molten gargoyles (Lair:5)
  A smoke demon (D:15)
  2 orange demons
  2 gargoyles
  5 demonic crawlers
  2 efreet
  Psyche (D:8)
  5 rime drakes
  A komodo dragon (shapeshifter) (D:15)
  20 yaktaurs
  9 komodo dragons
  12 cane toads
  An ice devil (D:15)
  A tengu conjurer (D:13)
  3 freezing wraiths
  A red devil (D:15)
  A queen bee (Lair:4)
  A golden dragon simulacrum (IceCv)
  5 trolls
  A polar bear (Lair:4)
  3 hellwings
  7 meliai
  17 tarantellas
  8 blink frogs
  7 tyrant leeches
  8 hornets
  3 air elementals
  19 jumping spiders
  2 shadows
  9 slime creatures
  17 culicivoras
  6 spriggans
  32 yaks
  A vampire (D:12)
  8 wraiths
  A spriggan (shapeshifter) (D:14)
  8 wyverns
  10 basilisks
  A chaos spawn (D:15)
  5 steam dragons
  15 vampire mosquitoes
  A neqoxec (Swamp:4)
  32 redbacks
  A harpy simulacrum (IceCv)
  5 wargs
  The ghost of Dittersdorf the Covered, an amateur GrFi (D:4)
  17 swamp worms
  A hydra simulacrum (IceCv)
  2 acid dragons
  11 water moccasins
  2 sky beasts
  2 swamp drakes
  5 hell hounds (Lair:5)
  2 black bears
  16 orc warriors
  2 alligator simulacra (IceCv)
  2 ettin simulacra (IceCv)
  7 boggarts
  7 ogres
  17 wolves
  7 centaurs
  2 phantoms
  A lemure (D:5)
  10 kobold brigands
  6 bullfrogs
  3 scorpions
  22 killer bees (Lair:4)
  3 electric eels
  4 crimson imps (D:3)
  12 howler monkeys
  4 lava snakes (Lair:5)
  21 orc priests
  2 hounds
  3 jellies (Lair:5)
  Crazy Yiuf (D:3)
  3 gnoll boudas
  Ijyb (D:3)
  Natasha (thrice) (D:2)
  Terence (D:3)
  28 orc wizards
  2 iguanas (D:7)
  8 mummies (Ossuary)
  26 gnolls
  16 adders
  A river rat (Lair:4)
  A white imp (D:7)
  2 worms (D:2)
  3 dart slugs
  58 orcs
  11 ball pythons
  11 endoplasms
  3 giant cockroaches
  A gnoll zombie (Ossuary)
  15 goblins
  11 hobgoblins
  4 jackals (D:3)
  21 kobolds
  4 quokkas
  3 bats
  4 frilled lizards
  3 hobgoblin zombies (Ossuary)
  4 orc zombies (Ossuary)
  23 rats
  A butterfly (Lair:4)
990 creatures vanquished.

Vanquished Creatures (collateral kills)
  A thorn hunter (Swamp:4)
  Donald (Swamp:1)
  Aizul (Spider:2)
  2 ghost moths
  An emperor scorpion (Spider:4)
  An ironbound preserver (Vaults:1)
  A ghoul (Swamp:4)
  A very ugly thing (Vaults:1)
  An eleionoma (Swamp:3)
  A minotaur (D:12)
  A spark wasp (Spider:1)
  A dire elephant (Vaults:1)
  A bunyip (Swamp:1)
  A green death (Swamp:4)
  2 hydras (Swamp:4)
  A shambling mangrove (Swamp:4)
  An entropy weaver (Spider:4)
  An ironbound frostheart (Vaults:2)
  2 jorogumos
  A two-headed ogre (D:13)
  A soul eater (Swamp:4)
  A sun moth (Spider:3)
  3 orb spiders
  A spriggan druid (Swamp:2)
  2 ironbound convokers (Vaults:1)
  A bog body (Swamp:2)
  2 wizards
  2 steelbarb worms
  3 lindwurms (Vaults:1)
  3 deep elf zephyrmancers
  A deep elf pyromancer (D:15)
  2 will-o-the-wisps (Swamp:3)
  9 wolf spiders
  4 ugly things (D:15)
  2 orc sorcerers (Swamp:4)
  A cyclops (D:15)
  A rust devil (D:15)
  2 black mambas (Lair:5)
  2 demonic crawlers
  4 torpor snails
  A rime drake (shapeshifter) (D:13)
  2 komodo dragons
  An efreet (D:14)
  A yaktaur (Vaults:1)
  2 hellwings (Swamp:4)
  4 meliai
  Grinder (D:3)
  3 hornets
  3 tyrant leeches
  2 tarantellas
  A dream sheep (shapeshifter) (Spider:1)
  A spriggan (Swamp:4)
  3 slime creatures (Vaults:1)
  8 jumping spiders
  2 air elementals (Elf:1)
  5 culicivoras
  13 redbacks
  9 yaks
  A chaos spawn (Swamp:4)
  A vampire mosquito (D:12)
  7 swamp worms
  A harpy simulacrum (IceCv)
  2 water moccasins (Lair:4)
  An acid dragon (D:12)
  5 orc warriors
  A black bear (shapeshifter) (D:13)
  An ice beast (Vaults:1)
  A boggart (D:15)
  5 wolves
  An ogre (Orc:1)
  A kobold brigand (D:11)
  A bullfrog (Lair:3)
  5 killer bees (Lair:4)
  An electric eel (D:12)
  A jelly (Lair:5)
  5 orc priests (Orc:2)
  8 orc wizards
  A gnoll (D:12)
  12 orcs
  4 kobolds
  2 butterflies (Lair:4)
200 creatures vanquished.

Vanquished Creatures (others)
  An ogre mage (D:14)
  A goliath frog (Swamp:4)
  A yak (D:12)
  2 redbacks
  An orc warrior (Bailey)
  A bullfrog (D:8)
  25 knights
  3 orc wizards
  10 foxfires (Swamp:3)
  15 fungi
  18 plants
78 creatures vanquished.

Grand Total: 1268 creatures vanquished

Notes
Turn   | Place    | Note
-------+----------+-------------------------------------------
     0 | D:1      | NinjaNoafa the Hill Orc Monk began the quest for the Orb.
     0 | D:1      | Reached XP level 1. HP: 19/19 MP: 1/1
   216 | D:1      | Reached XP level 2. HP: 24/27 MP: 2/2
   808 | D:2      | Reached XP level 3. HP: 28/33 MP: 3/3
   816 | D:2      | Got the Compendium of the Charnel Bane
   908 | D:2      | Reached skill level 1 in Armour
   908 | D:2      | Reached skill level 1 in Shields
  1009 | D:2      | Noticed Natasha
  1024 | D:2      | Killed Natasha
  1025 | D:2      | Reached skill level 4 in Polearms
  1025 | D:2      | Reached XP level 4. HP: 22/41 MP: 4/4
  1251 | D:2      | Found a faded altar of an unknown god.
  1406 | D:2      | Noticed Natasha
  1411 | D:2      | Killed Natasha
  1729 | D:2      | Noticed Natasha
  1757 | D:2      | Killed Natasha
  1758 | D:2      | Reached XP level 5. HP: 8/47 MP: 5/5
  2014 | D:3      | Found a runed translucent door.
  2015 | D:3      | Noticed Crazy Yiuf
  2101 | D:3      | Noticed Terence
  2128 | D:3      | Killed Terence
  2329 | D:3      | Reached skill level 5 in Polearms
  2329 | D:3      | Reached XP level 6. HP: 51/55 MP: 6/6
  2374 | D:3      | Found a shimmering altar of Xom.
  2389 | D:3      | Reached skill level 6 in Polearms
  2512 | D:3      | Noticed Grinder
  2518 | D:3      | Paralysed by Grinder for 3 turns
  2621 | D:4      | Reached XP level 7. HP: 59/60 MP: 7/7
  2672 | D:4      | Reached skill level 7 in Polearms
  2882 | D:4      | Found a runed translucent door.
  2883 | D:4      | Noticed Dittersdorf's ghost (amateur GrFi)
  3048 | D:3      | Noticed Ijyb
  3066 | D:4      | Found an ornate altar of the Wu Jian Council.
  3067 | D:4      | Found a sparkling altar of Nemelex Xobeh.
  3260 | D:4      | Reached skill level 5 in Fighting
  3343 | D:4      | Identified the +9 trident "Riuhewod" {freeze, rElec Str+2}
  3394 | D:4      | Found a blossoming altar of Fedhas.
  3564 | D:4      | Found a staircase to the Ecumenical Temple.
  3718 | Temple   | Entered the Ecumenical Temple
  3897 | D:3      | Reached XP level 8. HP: 70/70 MP: 8/8
  3904 | D:3      | Killed Ijyb
  4285 | D:5      | Entered Level 5 of the Dungeon
  4348 | D:5      | Noticed Pikel
  4374 | D:5      | Killed Pikel
  4375 | D:5      | Reached skill level 8 in Polearms
  4948 | D:5      | Found a sacrificial altar of Ru.
  5103 | D:6      | Reached skill level 9 in Polearms
  5103 | D:6      | Reached XP level 9. HP: 12/75 MP: 9/9
  5257 | D:6      | Identified the +5 spear of Qeugg {speed, Str+3}
  5266 | D:6      | Found an iron altar of Okawaru.
  5470 | D:6      | Reached skill level 10 in Polearms
  6015 | D:6      | Found Qekhocor's Serpentskin Sales.
  6032 | D:6      | Bought a scroll of poison for 52 gold pieces
  6032 | D:6      | Bought a scroll of poison for 52 gold pieces
  6463 | D:7      | Reached skill level 11 in Polearms
  6687 | D:7      | Found a flagged portal.
  6697 | Bailey   | Entered a bailey
  6833 | Bailey   | Noticed an orc knight
  6857 | Bailey   | Killed an orc knight
  6863 | Bailey   | Reached XP level 10. HP: 29/86 MP: 10/10
  6883 | Bailey   | Gained mutation: You are strong-willed. (Will+) [potion of
                  | mutation]
  6883 | Bailey   | Gained mutation: Your spells are a little easier to cast,
                  | but a little less powerful. [potion of mutation]
  6883 | Bailey   | Gained mutation: You have a pair of small horns on your
                  | head. [potion of mutation]
  6910 | Bailey   | HP: 4/86 [orc warrior/+0 war axe (7)]
  6914 | Bailey   | Reached skill level 5 in Armour
  7139 | Bailey   | Found a bloodstained altar of Trog.
  7213 | D:7      | Identified the +5 ring mail of Zaosokk {rC- Str+5}
  7708 | D:8      | Noticed Psyche
  7728 | D:8      | Killed Psyche
  7729 | D:8      | Reached skill level 12 in Polearms
  7781 | D:8      | Found a sand-covered staircase.
  7787 | Ossuary  | Entered an ossuary
  8029 | D:8      | Noticed Erica
  8035 | D:8      | Killed Erica
  8292 | D:8      | Got the Compendium of Spatial Curses
  8432 | D:9      | Found a basalt altar of Yredelemnul.
  8619 | D:9      | Noticed a deep elf pyromancer
  8623 | D:9      | Reached XP level 11. HP: 97/97 MP: 11/11
  8660 | D:9      | Killed a deep elf pyromancer
  8661 | D:9      | Reached skill level 10 in Fighting
  8661 | D:9      | Reached skill level 13 in Polearms
  9243 | D:10     | Entered Level 10 of the Dungeon
  9323 | D:10     | Found a hazy altar of Hepliaklqana.
  9369 | D:10     | Became a worshipper of Hepliaklqana the Forgotten
  9369 | D:10     | Reached * piety under Hepliaklqana
  9369 | D:10     | Reached ** piety under Hepliaklqana
  9370 | D:10     | Remembered your ancestor Your ego as a knight
  9440 | D:10     | Noticed a death yak
  9441 | D:10     | Noticed a two-headed ogre
  9523 | D:9      | Killed a death yak
  9581 | D:10     | Noticed a death yak
  9581 | D:10     | Noticed a death yak
  9595 | D:10     | Killed a death yak
  9602 | D:10     | Killed a death yak
  9603 | D:10     | Reached skill level 14 in Polearms
  9603 | D:10     | Reached skill level 1 in Invocations
  9755 | D:10     | Found a staircase to the Lair.
  9889 | D:10     | Reached skill level 1 in Throwing
 10184 | D:10     | Killed a two-headed ogre
 10408 | Lair:1   | Entered Level 1 of the Lair of Beasts
 10421 | Lair:1   | Reached skill level 5 in Evocations
 10859 | Lair:1   | Identified the +2 mace of Righteous Fury {speed, Drain
                  | Int+5 Dex+4}
 10918 | Lair:1   | Reached skill level 5 in Invocations
 10918 | Lair:1   | Reached XP level 12. HP: 94/95 MP: 15/15
 11645 | Lair:2   | Reached *** piety under Hepliaklqana
 12728 | Lair:3   | Noticed a catoblepas
 12752 | Lair:3   | Killed a catoblepas
 12807 | Lair:3   | Reached skill level 5 in Dodging
 12925 | Lair:3   | Reached **** piety under Hepliaklqana
 13238 | Lair:3   | Found a hole to the Spider Nest.
 13510 | Lair:3   | Found a staircase to the Swamp.
 13754 | Lair:4   | Reached skill level 10 in Armour
 13763 | Lair:4   | Reached XP level 13. HP: 106/106 MP: 17/17
 13986 | Lair:5   | Entered Level 5 of the Lair of Beasts
 14362 | Lair:4   | Reached ***** piety under Hepliaklqana
 14739 | Lair:4   | Reached skill level 5 in Throwing
 15810 | D:12     | Noticed Josephine
 15823 | D:12     | Killed Josephine
 16290 | Lair:4   | Reached XP level 14. HP: 116/116 MP: 20/20
 16389 | Lair:4   | Got Xukh's Almanac of Lethal Misfortune
 16897 | Lair:5   | Found a viscous altar of Jiyva.
 16910 | Lair:5   | Found a staircase to the Slime Pits.
 17240 | Lair:5   | Found a large runed translucent door.
 17291 | Lair:5   | Found a large runed translucent door.
 17949 | D:12     | Found a staircase to the Orcish Mines.
 18095 | D:12     | Reached skill level 10 in Invocations
 18435 | Orc:1    | Entered Level 1 of the Orcish Mines
 18796 | Orc:2    | Entered Level 2 of the Orcish Mines
 18796 | Orc:2    | Found a staircase to the Elven Halls.
 19138 | Orc:2    | Upgraded the game from 0.30-a0-845-g7c6808c8ce to
                  | 0.30-a0-847-g17996783a1
 19513 | Orc:2    | Found Tuon Ati's Book Shoppe.
 19513 | Orc:2    | Found Yxic's General Store.
 19513 | Orc:2    | Found Syipon's Antique Weapon Emporium.
 19520 | Orc:2    | Found Lonaf's Jewellery Emporium.
 19525 | Orc:2    | Bought a manual of Fighting for 800 gold pieces
 19529 | Orc:2    | Bought a potion of lignification for 48 gold pieces
 19529 | Orc:2    | Bought a scroll of vulnerability for 64 gold pieces
 19529 | Orc:2    | Bought a scroll of teleportation for 48 gold pieces
 19529 | Orc:2    | Bought a phantom mirror for 640 gold pieces
 19532 | Orc:2    | Bought the +5 Lochaber axe {reach-cleave, Poleaxe Drain}
                  | for 849 gold pieces
 19532 | Orc:2    | Found the +5 Lochaber axe {reach-cleave, Poleaxe Drain}
 19721 | Orc:2    | Noticed an orc warlord
 19737 | Orc:2    | Killed an orc warlord
 19867 | Orc:2    | Reached ****** piety under Hepliaklqana
 20252 | D:12     | Reached XP level 15. HP: 48/119 MP: 20/22
 20504 | Swamp:1  | Entered Level 1 of the Swamp
 21395 | D:12     | Reached skill level 15 in Fighting
 22142 | D:13     | Identified the +4 scimitar of Law {holy, Fragile Int+4
                  | Stlth+}
 22500 | D:13     | Noticed Snorg
 22512 | D:13     | Killed Snorg
 23519 | D:14     | Reached skill level 15 in Polearms
 23534 | D:14     | Found a gate to the Vaults.
 23912 | Elf:1    | Entered Level 1 of the Elven Halls
 23915 | Elf:1    | Paralysed by an air elemental for 1 turns
 23920 | Elf:1    | Paralysed by an air elemental for 1 turns
 24099 | Elf:1    | Paralysed by an air elemental for 1 turns
 24105 | Elf:1    | Paralysed by an air elemental for 1 turns
 24713 | D:15     | Entered Level 15 of the Dungeon
 24888 | D:15     | Reached skill level 16 in Polearms
 25185 | D:15     | Reached skill level 17 in Polearms
 25189 | D:15     | Reached XP level 16. HP: 72/135 MP: 25/25
 25514 | D:15     | Found a staircase to the Depths.
 26026 | Swamp:1  | You fall into a shaft and drop 1 floor!
 26315 | Swamp:2  | Noticed Louise
 26335 | Swamp:2  | Killed Louise
 26544 | Swamp:1  | Noticed Donald
 26551 | Swamp:1  | Killed Donald
 26989 | Swamp:2  | Reached skill level 18 in Polearms
 27053 | Swamp:2  | Found a runed translucent door.
 27053 | Swamp:2  | Found a shimmering altar of Xom.
 27053 | Swamp:2  | Noticed SirDiesAlot's ghost (journeyman DsTm)
 27672 | D:3      | Killed Crazy Yiuf
 27911 | D:3      | Killed Grinder
 27993 | D:4      | Killed Dittersdorf's ghost
 28358 | Swamp:1  | Found a broken altar of Ashenzari.
 28515 | Swamp:1  | Identified the amulet of Taleweh {RegenMP Regen+ Int+3}
 28942 | Swamp:2  | Killed SirDiesAlot's ghost
 29173 | Swamp:3  | Found a frozen archway.
 29223 | IceCv    | Entered an ice cave
 29234 | IceCv    | Found a transporter.
 29234 | IceCv    | Found the +4 skin of Zhor {*Englaciate rC+++ SInv}
 29236 | IceCv    | Found a transporter.
 29734 | Swamp:3  | Noticed Roxanne
 29760 | Swamp:3  | Killed Roxanne
 30017 | Swamp:3  | Identified the +1 tower shield of Voicroq {Will+ Stlth+}
 30393 | Swamp:4  | Entered Level 4 of the Swamp
 30585 | Spider:1 | Entered Level 1 of the Spider Nest
 30754 | Spider:1 | Reached XP level 17. HP: 151/151 MP: 26/26
 30928 | Spider:1 | Identified the +1 helmet of the Louse {-Cast Str+2 SInv}
 31118 | Spider:1 | Reached skill level 19 in Polearms
 32316 | Spider:2 | Noticed Aizul
 32332 | Spider:2 | Killed Aizul
 32987 | Spider:3 | Reached skill level 20 in Polearms
 34427 | Swamp:4  | HP: 6/151 [something (8)]
 34427 | Swamp:4  | HP: 1/151 [poison (poison gas)]
 34792 | Swamp:4  | Identified a scroll of acquirement
 34820 | Swamp:4  | Acquired 517 gold pieces
 35300 | Swamp:4  | Reached skill level 21 in Polearms
 35610 | Swamp:4  | Reached XP level 18. HP: 120/158 MP: 28/28
 36388 | Swamp:4  | Paralysed by something for 2 turns
 36956 | Spider:4 | Entered Level 4 of the Spider Nest
 38151 | Spider:4 | Reached skill level 15 in Invocations
 38374 | Spider:4 | Reached skill level 15 in Armour
 38647 | Spider:4 | Identified the +2 hat of the Catamount {Harm Str+4}
 38650 | Spider:4 | Got a gossamer rune of Zot
 39131 | Swamp:4  | Reached skill level 22 in Polearms
 39414 | Swamp:4  | Got a decaying rune of Zot
 39869 | Vaults:1 | Entered Level 1 of the Vaults
 39967 | Vaults:1 | Reached XP level 19. HP: 140/170 MP: 30/30
 40156 | Vaults:1 | Identified the +1 pair of gloves of Beyond {Dex+3}
 41111 | Vaults:1 | Reached skill level 23 in Polearms
 41184 | Vaults:1 | Found a radiant altar of Vehumet.
 41188 | Vaults:1 | Found a transporter.
 41461 | Vaults:2 | Killed from afar by an ironbound thunderhulk

Illustrated notes

Levels and vault maps discovered:
D:1:      scummos_arrival_star, layout_loops_ring, serial_bayou_lagoon_a
D:2:      layout_basic, shapermc_ecumenical_altar_mp_ritualfount,
          minmay_fractal_squares_5, uniq_natasha
D:3:      layout_loops_ring, led_xom_imps, chequers_decorated_corner,
          minmay_rat_hole, uniq_terence, uniq_ijyb, uniq_grinder,
          uniq_crazy_yiuf_cottage
D:4:      layout_basic, gammafunk_temple_overflow_statue, fedhas_altar_2,
          minmay_temple_entry_fiery, ebering_ghost_sewer_d, minmay_cupped
D:5:      layout_loops_ring, mainiacjoe_overflow_alcove_4,
          amcnicky_mini_rare_corridor_liquid, uniq_pikel
D:6:      layout_basic, okawaru_trees_2, guppyfry_shop_venom
D:7:      corexii_shantytown, layout_basic, enter_bailey_2
D:8:      layout_loops_ring, enter_ossuary_3, uniq_psyche, uniq_erica
D:9:      minmay_the_grid_four_pointed_star
          [minmay_the_grid_triangle_9x9_windchime,
          minmay_the_grid_triangle_9x9_zippers_vertical,
          minmay_the_grid_triangle_9x9_empty,
          minmay_the_grid_triangle_9x9_pentomino_pain,
          minmay_the_grid_prize_inner_circle], layout_loops_ring,
          old_standard_altar
D:10:     layout_loops_corners, old_standard_altar, dpeg_lair_monsters
D:11:     layout_roguey
D:12:     fort_yaktaur, layout_basic, erik_orc_4, uniq_josephine
D:13:     layout_grid_maze, minmay_misc_feat_more_columns, eino_tiny_chamber,
          uniq_snorg
D:14:     layout_long_grid, hangedman_vaults_entry_quadrant_bands
D:15:     grunt_enter_depths_snipers, layout_gridville, serial_demonic,
          serial_demonic_a, serial_demonic_g, serial_demonic_a, serial_demonic_d
Temple:   nicolae_temple_great_sept
Lair:1:   layout_layer_cave, lemuel_fruit_tree
Lair:2:   layout_cave_pods, st_stairs_4, chequers_serial_rivers_large_b
Lair:3:   layout_cave_pods, nicolae_swamp_entry_splash_gauntlet,
          nicolae_spider_entry_tight_spaces, lemuel_fruit_fields
Lair:4:   regret_index_combs_of_tragedy, layout_regular_city,
          lemuel_fruit_fields, grunt_megastairs_3, lemuel_fruit_fields
Lair:5:   cheibrodos_lair_end_hotspot, layout_long_grid,
          nicolae_slime_entry_field_trip
Swamp:1:  layout_basic_swamp, lemuel_altar_in_water,
          infiniplex_staircase_pool_2, uniq_donald
Swamp:2:  layout_basic_swamp, ebering_ghost_xom, nicolae_swamp_small_spring,
          nicolae_swamp_bunyip_nook, uniq_louise
Swamp:3:  layout_basic_swamp, portal_ice_cave_entry_pillars_2,
          evilmike_swamp_ruin_rubble_2, uniq_roxanne
Swamp:4:  nzn_swamp_witches_coven, layout_basic_swamp
Spider:1: layout_spider_delve, hellmonk_deceptive_appearances
Spider:2: layout_spider_delve, nicolae_spider_not_touching_you, uniq_aizul
Spider:3: layout_spider_delve
Spider:4: grunt_spider_rune_circles
Orc:1:    layout_caves
Orc:2:    st_orc_mages, layout_diamond_mine
Elf:1:    nicolae_elf_arrival_aired_out, layout_loops_corners,
          hangedman_elven_crosses_minicolossus
Vaults:1: nicolae_vaults_inception_scallops, gammafunk_sealed_library,
          vaults_dpeg_cross, hangedman_vaults_nodes, v_misc_22,
          nicolae_vaults_big_angled_halls, vaults_room_semicircle,
          vaults_room_door_ring, serial_ice_m, ontoclasm_vaults_decontamination,
          dpeg_vaults_monster_box, v_misc_17, layout_vaults_omnicross
Vaults:2: v_misc_25, hangedman_vaults_snaps, minmay_crypt_entry_vampire_xt,
          ontoclasm_vaults_twist, vaults_dpeg_hooks, layout_vaults_omnibox

Skill      XL: |  1  2  3  4  5  6  7  8  9 10 11 12 13 14 15 16 17 18 19 |
---------------+----------------------------------------------------------+-----
Fighting       | 4 5 6 7 9 10 12 13 14 16 19 21 | 21.0
Armour         | 1 2 3 4 7 8 10 11 12 13 14 15 | 15.0
Shields        | 1 2 3 4 |  4.0
Polearms       | 4 5 6 7 9 11 12 14 17 18 21 22 23 | 23.4
Evocations     | 4 5 6 8 |  8.0
Dodging        | 3 4 6 |  6.4
Invocations    | 5 6 8 10 12 13 14 15 | 15.0
Throwing       | 3 4 5 8 |  8.0
Stealth        | |  1.5

Action                     |  1- 3 |  4- 6 |  7- 9 | 10-12 | 13-15 | 16-18 | 19-21 || total
---------------------------+-------+-------+-------+-------+-------+-------+-------++-------
  Melee: Spear             |   146 |    78 |       |       |       |       |       ||   224
         Unarmed           |       |    12 |       |       |       |       |       ||    12
         Trident           |       |   114 |   436 |   447 |   669 |       |       ||  1666
         Headbutt          |       |       |       |    46 |    65 |   142 |    15 ||   268
         Lochaber axe      |       |       |       |       |   264 |   777 |    70 ||  1111
  Throw: Dart              |       |     1 |       |       |       |     3 |       ||     4
         Boomerang         |       |       |       |    12 |    47 |    86 |     4 ||   149
         Javelin           |       |       |       |       |     3 |     8 |       ||    11
 Invoke: Recall Ancestor   |       |       |       |     3 |     9 |     4 |       ||    16
         Ancestor Identity |       |       |       |     2 |     1 |       |       ||     3
         Ancestor Life: Kn |       |       |       |     1 |       |       |       ||     1
         Idealise          |       |       |       |       |     3 |     9 |     1 ||    13
  Evoke: Wand              |       |       |     4 |     5 |    19 |     5 |       ||    33
         Lightning rod     |       |       |       |       |     4 |     4 |       ||     8
         Phial of floods   |       |       |       |       |     1 |       |       ||     1
         Phantom mirror    |       |       |       |       |       |     1 |       ||     1
    Use: Potion            |       |     4 |     3 |     6 |    10 |    11 |       ||    34
         Scroll            |       |     4 |     5 |    12 |    17 |    11 |       ||    49
   Stab: Sleeping          |     1 |       |       |       |       |       |       ||     1
         Distracted        |       |       |       |     1 |    11 |    13 |       ||    25
         Petrified         |       |       |       |     1 |       |       |       ||     1
         Invisible         |       |       |       |       |     2 |       |       ||     2
 Armour: Robe              |    19 |     2 |       |       |       |       |       ||    21
         Skin              |       |    17 |       |     4 |       |       |       ||    21
         Leather armour    |       |    10 |       |       |       |       |       ||    10
         Scale mail        |       |    49 |   176 |     1 |       |       |       ||   226
         Ring mail         |       |       |       |    87 |   161 |       |       ||   248
         Chain mail        |       |       |       |       |   119 |   632 |    22 ||   773
  Dodge: Dodged            |    55 |    73 |   173 |   127 |   429 |   590 |    28 ||  1475
  Block: Buckler           |    17 |    47 |   127 |    77 |   123 |       |       ||   391

Table legend: (Time is in decaauts)
 A = Elapsed time spent in this place.
 B = Non-inter-level travel time spent in this place.
 C = Inter-level travel time spent in this place.
 D = Time resting spent in this place.
 E = Time spent auto-exploring this place.
 F = Levels seen in this place.
 G = Mean time per level.
                   A        B        C        D        E       F      G
               +--------+--------+--------+--------+--------+-----+--------+
         Total |  41572 |  35746 |   5826 |   1210 |  24537 |  37 | 1123.6 |
       Dungeon |  16929 |  14634 |   2295 |    555 |   9075 |  15 | 1128.6 |
        Temple |     87 |     73 |     14 |      0 |     20 |   1 |   87.0 |
          Lair |   7856 |   5742 |   2114 |    108 |   4157 |   5 | 1571.2 |
         Swamp |   6332 |   5632 |    700 |      9 |   4421 |   4 | 1583.0 |
   Spider Nest |   5653 |   5231 |    422 |    203 |   3968 |   4 | 1413.2 |
  Orcish Mines |   2108 |   1980 |    128 |    332 |   1165 |   2 | 1054.0 |
   Elven Halls |     56 |     47 |      9 |      0 |      0 |   1 |   56.0 |
        Vaults |   1395 |   1254 |    141 |      0 |   1015 |   2 |  697.5 |
       Ossuary |    179 |    179 |      0 |      0 |    106 |   1 |  179.0 |
        Bailey |    494 |    494 |      0 |      0 |    235 |   1 |  494.0 |
      Ice Cave |    479 |    479 |      0 |      3 |    373 |   1 |  479.0 |
               +--------+--------+--------+--------+--------+-----+--------+

Top non-repeatable levels by time:
  Lair:3: 2371 daAuts
 Swamp:4: 2218 daAuts
Spider:4: 1860 daAuts
 Swamp:3: 1710 daAuts
   Orc:2: 1661 daAuts
    D:13: 1620 daAuts
  Lair:2: 1617 daAuts
Spider:2: 1582 daAuts
    D:12: 1528 daAuts
     D:3: 1443 daAuts
 Swamp:2: 1390 daAuts
  Lair:1: 1389 daAuts
Vaults:1: 1373 daAuts
  Lair:5: 1334 daAuts
    D:10: 1331 daAuts
